 Dungeon Crawl Stone Soup version 0.20.0-10-g0535bb4 (webtiles) character file.

558 Hook the Chiller (level 7, -1/34 (36) HPs)
             Began as a Kobold Ice Elementalist on June 5, 2017.
             Slain by a bullfrog (7 damage)
             ... on level 6 of the Dungeon.
             The game lasted 00:18:30 (5241 turns).

Hook the Chiller (Kobold Ice Elementalist)          Turns: 5241, Time: 00:18:31

HP:   -1/34 (36)    AC:  2    Str:  7    XL:     7   Next: 56%
MP:   14/14         EV: 16    Int: 17    God:
Gold: 193           SH:  0    Dex: 15    Spells: 9/15 levels left

rFire    + . .     SeeInvis .   j - +0 short sword (distort)
rCold    x . .     Gourm    .   (shield restricted)
rNeg     . . .     Faith    .   a - +0 robe
rPois    .         Spirit   .   (no helmet)
rElec    .         Reflect  .   (no cloak)
rCorr    .         Harm     .   (no gloves)
MR       .....                  (no boots)
Stlth    +++.......             (no amulet)
Regen    0.2/turn               i - ring of fire
MPRegen  0.2/turn               (no ring)

@: no status effects
A: carnivore 3
a: no special abilities


You were on level 6 of the Dungeon.
You were very full.

You visited 1 branch of the dungeon, and saw 6 of its levels.

You collected 193 gold pieces.

Inventory:

Hand Weapons
 h - a +0 dagger
 j - a +0 short sword of distortion (weapon)
Missiles
 l - 6 tomahawks (quivered)
Armour
 a - a +0 robe (worn)
Jewellery
 i - a ring of fire (left hand)
Wands
 v - a wand of iceblast (7/15)
Scrolls
 o - 4 scrolls of identify
 t - a scroll of teleportation {unknown}
Potions
 e - a potion of flight
 f - 2 potions of degeneration {unknown}
 g - 4 potions of curing
 k - a potion of haste {unknown}
 m - a potion of heal wounds {unknown}
 n - a potion of cancellation {unknown}
 p - 2 potions of brilliance {unknown}
 q - a potion of lignification {unknown}
 r - 2 potions of might {unknown}
 s - a potion of agility {unknown}
 u - a potion of invisibility {unknown}
Books
 b - a book of Frost

   Spells                             Type                      Level
   a - Freeze                         Ice                          1
   b - Throw Frost                    Conjuration/Ice              2
   c - Ozocubu's Armour               Charms/Ice                   3
   d - Throw Icicle                   Conjuration/Ice              4
   e - Summon Ice Beast               Ice/Summoning                4
Comestibles
 c - 2 meat rations
 d - a royal jelly


   Skills:
 + Level 0.2 Fighting
 + Level 1.1 Short Blades
 + Level 0.2 Throwing
 * Level 4.0 Dodging
 + Level 4.0 Stealth
 + Level 0.4 Unarmed Combat
 * Level 4.8 Spellcasting
 + Level 1.5 Conjurations
 * Level 5.4 Ice Magic


You had 9 spell levels left.
You knew the following spells:

 Your Spells              Type           Power        Failure   Level  Hunger
a - Freeze                Ice            ###.         1%          1    None
b - Throw Frost           Conj/Ice       ###...       5%          2    #......
c - Ozocubu's Armour      Chrm/Ice       ##......     14%         3    ###....


Dungeon Overview and Level Annotations

Branches:
Dungeon (6/15)             Temple (0/1) D:4

Altars:
Trog

Annotations:
D:2 Natasha
D:4 Duvessa


Innate Abilities, Weirdness & Mutations

You are small and have problems with some larger weapons.
You are carnivorous and can eat meat at any time.


Message History

Press: ? - help, Shift-Dir - straight line, f/p - ogre
Aim: an ogre, wielding a giant club (heavily wounded)
You freeze the ogre.
The ogre is heavily wounded.
The ogre hits you with a giant club!!
Ouch! That really hurt!
Things that are here:
a shortbow; 23 arrows The ogre barely misses you.
You see here a dagger.
There is an escape hatch in the floor here.
The ogre hits you with a giant club!!
Ouch! That really hurt!
* * * LOW HITPOINT WARNING * * *
Okay, then.
A bullfrog comes into view.
The bullfrog croaks.
The bullfrog misses you. The bullfrog hits you!
You die...

###########
#######.@.......#
.......F#######.# ###
.######.# #.####.####
#O# #####.#.#......
######.###..........####
............###.....##
.###.#...######....##
#............#.##
.###.....########.#


You could see an ogre and a bullfrog.

Vanquished Creatures
  A sky beast (D:6)
  A necrophage (D:6)
  A centaur (D:6)
  2 hounds
  Natasha (D:2)
  An iguana (D:4)
  A worker ant (D:4)
  7 adders
  2 oozes (D:1)
  2 dart slugs (D:1)
  4 leopard geckos
  5 bats
  4 giant cockroaches
  10 goblins
  13 hobgoblins
  8 jackals
  15 kobolds
  3 quokkas
  A ball python (D:4)
  4 frilled lizards
  10 rats
96 creatures vanquished.

Vanquished Creatures (others)
  A rat (D:2)
1 creature vanquished.

Grand Total: 97 creatures vanquished

Notes
Turn   | Place    | Note
-------+----------+-------------------------------------------
     0 | D:1      | Hook the Kobold Ice Elementalist began the quest for the Orb.
     0 | D:1      | Reached XP level 1. HP: 10/10 MP: 3/3
   164 | D:1      | Reached XP level 2. HP: 15/15 MP: 1/5
   612 | D:1      | Reached XP level 3. HP: 18/19 MP: 0/7
   699 | D:1      | Learned a level 2 spell: Throw Frost
   731 | D:1      | Learned a level 3 spell: Ozocubu's Armour
  1441 | D:2      | Reached XP level 4. HP: 23/24 MP: 0/8
  1554 | D:2      | Found a bloodstained altar of Trog.
  1640 | D:2      | Noticed Natasha
  1648 | D:2      | Killed Natasha
  1648 | D:2      | Reached skill level 4 in Ice Magic
  1715 | D:2      | Noticed Natasha
  2199 | D:2      | Reached XP level 5. HP: 28/28 MP: 6/9
  3503 | D:3      | Noticed a sky beast
  3611 | D:4      | Reached XP level 6. HP: 32/32 MP: 3/11
  3822 | D:4      | Found a staircase to the Ecumenical Temple.
  3859 | D:4      | Reached skill level 1 in Short Blades
  3925 | D:4      | Noticed Duvessa
  3943 | D:5      | Entered Level 5 of the Dungeon
  3943 | D:5      | Found a bloodstained altar of Trog.
  4150 | D:6      | Noticed a sky beast
  4157 | D:6      | Killed a sky beast
  4157 | D:6      | Reached skill level 5 in Ice Magic
  4157 | D:6      | Reached XP level 7. HP: 27/36 MP: 4/13
  5241 | D:6      | Slain by a bullfrog

Skill      XL: |  1  2  3  4  5  6  7 |
---------------+----------------------+-----
Stealth        | 3 4 |  4.0
Spellcasting   | 3 4 |  4.8
Ice Magic      | 4 5 |  5.4
Dodging        | 3 4 |  4.0
Short Blades   | 1 |  1.1
Fighting       | |  0.2
Throwing       | |  0.2
Unarmed Combat | |  0.4
Conjurations   | |  1.5

Action                   |  1- 3 |  4- 6 |  7- 9 || total
-------------------------+-------+-------+-------++-------
Melee: Unarmed           |     3 |       |       ||     3
       Dagger            |    23 |    19 |       ||    42
       Short sword       |       |    37 |     3 ||    40
Throw: Stone             |    13 |    10 |       ||    23
       Tomahawk          |       |     1 |       ||     1
 Cast: Freeze            |    45 |    59 |    11 ||   115
       Throw Frost       |     4 |    19 |     4 ||    27
  Use: Scroll            |     5 |       |       ||     5
       Potion            |       |     1 |       ||     1
 Stab: Sleeping          |     1 |     9 |     1 ||    11
  Eat: Chunk             |    10 |    10 |     1 ||    21
Armor: Robe              |    10 |     8 |       ||    18
Dodge: Dodged            |    62 |   104 |    10 ||   176
